Unix NetHack Version 5.0.0-0 post-release - last build May 23 2026 06:08:33 (1c0ff79ee797540d5714e4e18072db0edd9e58ae,branch:main).

Game began 2026-05-23 14:03:57, ended 2026-05-23 14:22:49.

ArrBianca, chaotic female elven Wizard

                               ----- --
                           -----.|.--.-
                         ---..|........
                         |...........
                         |..........-
                          -.........---
              ----          -.....).%.|
              |..|------   --...)%[..)--
             --..--.--.-----..<.-...[.)---             ..-
        ---- |......................................*....-
    -----..---..........--....----.(..................--
   --..........@a..........---- .....................--
   |.^.--.................--  |..........--.........--
   --.--|..---............|   |.......---- -........|
    --- ---- -.--...>....--   --.....--      .......-
             .----........|    |.....|         .......
                 |....--.--    --....|          ....0
                 |....| --      |....|           ....
                 ---.--         ---..|            .....
                   ---            ----            ------

ArrBianca the Thaumaturge  St:9 Dx:13 Co:14 In:18 Wi:11 Ch:12  Chaotic
Dlvl:6  $:209 HP:0(38) Pw:45(67) AC:6  Xp:6 T:2443  Satiated

Latest messages:
 In what direction? h
 The spell hits the gnome!
 You kill the gnome!
 You feel more confident in your weapon skills.
 You kill the dwarf!
 The gnome shoots an arrow!
 You are hit by an arrow.
 In what direction? h
 The spell hits the gnome!
 You kill the gnome!
 You are now more skilled in quarterstaff.
 You see here a dagger.
 You see here a gnome corpse.
 There is a gnome corpse here; eat it? [ynq] (n) q
 You see here a hooded cloak.
 You see here a dagger.
 $ - 24 gold pieces (209 in total).
 The gnome falls into a pit!
 The gnome is killed!
 You fall into a pit!
 You are still in a pit.
 You are still in a pit.
 You are still in a pit.
 You are still in a pit.
 You are still in a pit.
 You crawl to the edge of the pit.
 The dust vortex engulfs you!
 You can't see in here!
 You hit the dust vortex.
 You hit the dust vortex.
 You destroy the dust vortex!
 You fall into a pit!
 You are still in a pit.
 You are still in a pit.
 You are still in a pit.
 You can see again.
 You are still in a pit.
 You are still in a pit.
 You crawl to the edge of the pit.
 The giant beetle bites!
 You miss the giant beetle.
 The giant beetle bites!
 You hit the giant beetle!
 The giant beetle bites!
 In what direction? <esc>
 The magical energy is released!
 The spell misses the giant beetle.
 The giant beetle bites!
 You die...
 Do you want your possessions identified? [ynq] (y) q

Inventory:
 Coins    ('$')
  $ - 209 gold pieces
 Amulets  ('"')
  Z - an uncursed amulet of magical breathing
 Weapons  (')')
  a - a blessed +5 quarterstaff (weapon in hands)
 Armor    ('[')
  b - an uncursed +3 cloak of magic resistance (being worn)
 Comestibles  ('%')
  Y - an uncursed cram ration
  V - an uncursed tin of szechuan lichen
 Scrolls  ('?')
  A - a blessed scroll of confuse monster
  k - an uncursed scroll of genocide
  w - an uncursed scroll of taming
 Spellbooks  ('+')
  l - a blessed spellbook of force bolt
  m - an uncursed spellbook of haste self
 Potions  ('!')
  U - an uncursed potion of booze
  x - 3 uncursed potions of healing
  H - 5 cursed potions of healing
  g - an uncursed potion of paralysis
  f - a blessed potion of sleeping
  h - an uncursed potion of water
  J - an uncursed potion of water
 Rings    ('=')
  e - an uncursed +2 ring of increase damage
  d - an uncursed ring of polymorph control
 Wands    ('/')
  s - a wand of lightning (0:6)
  p - a wand of slow monster (0:3)
  c - a blessed wand of teleportation (0:4)
 Tools    ('(')
  r - an empty uncursed sack
  o - an uncursed bell
  n - a magic marker (0:21)
  N - an uncursed skeleton key
  W - an uncursed stethoscope
  G - an uncursed towel
 Gems/Stones  ('*')
  S - an uncursed worthless piece of orange glass

ArrBianca the Wizard's attributes:

Background:
 You were a Thaumaturge, a level 6 female elven Wizard.
 You were chaotic, nominally on a mission for Anhur
 who was opposed by Ptah (lawful) and Thoth (neutral).
 You were right-handed.
 You were in the Gnomish Mines, on level 6.
 You entered the dungeon 2443 turns ago.
 You had 395 experience points, 245 more were needed to attain level 7.

Basics:
 You had 0 out of 38 hit points.
 You had 45 out of 67 energy points (spell power).
 Your armor class was 6.
 Your wallet contained 209 zorkmids.
 Autopickup was on for '$?!/="+%' plus thrown, with exceptions.

Final Characteristics:
 Your strength was 9 (limit:18).
 Your dexterity was 13 (limit:18).
 Your constitution was 14 (limit:16).
 Your intelligence was 18 (limit:20).
 Your wisdom was 11 (limit:20).
 Your charisma was 12 (limit:18).

Final Status:
 You were satiated.
 You were unencumbered.
 You were wielding a quarterstaff.
 You were skilled in quarterstaff.

Final Attributes:
 You were piously aligned.
 You were magic-protected.
 You were sleep resistant.
 You had infravision.
 You were warded.
 You are dead.

Miscellaneous:
 You didn't encounter any bones levels.
 Total elapsed playing time was 18 minutes and 52 seconds.

Major events:
 Turn
    1: ArrBianca the chaotic female elven Wizard entered the dungeon
  787: attained the rank of Conjurer (level 3)
 1994: entered the Gnomish Mines
 2361: attained the rank of Thaumaturge (level 6)
 2443: killed by a giant beetle

Spells:
 Name                 Level Category     Fail Retention
 force bolt             1   attack         0%   81%-90%
 haste self             3   escape        71%  76%-100%

Skills:
 Fighting Skills
   bare handed combat [Unskilled]
   riding             [Unskilled]
 Weapon Skills
   dagger             [Unskilled]
   knife              [Unskilled]
   axe                [Unskilled]
   short sword        [Unskilled]
   club               [Unskilled]
   mace               [Unskilled]
   quarterstaff       [Skilled]
   polearms           [Unskilled]
   spear              [Unskilled]
   trident            [Unskilled]
   sling              [Unskilled]
   dart               [Unskilled]
   shuriken           [Unskilled]
 Spellcasting Skills
   attack spells      [Basic]
   healing spells     [Unskilled]
   divination spells  [Unskilled]
   enchantment spells [Basic]
   clerical spells    [Unskilled]
   escape spells      [Unskilled]
   matter spells      [Unskilled]

Voluntary challenges:
 Character rerolling was not enabled.
 You were an atheist.
 You never genocided any monsters.
 You never polymorphed an object.
 You never changed form.
 You used no wishes.
Achievements:
 You entered a shop.
 You attained the rank of Conjurer.
 You entered the Gnomish Mines.
 You attained the rank of Thaumaturge.

 The Dungeons of Doom: levels 1 to 4
    Level 1:
       Some fountains, a grave.
    Level 2:
       A scroll shop, a grave.
    Level 3:
       A potion shop, a sink.
    Level 4:
       A general store.
       Stairs down to The Gnomish Mines.
 The Gnomish Mines: levels 5 to 6
    Level 5:
    Level 6: <- You were here.
       Final resting place for
          you, killed by a giant beetle.


Vanquished creatures:
  a dust vortex
  a rock mole
  a fog cloud
  a gnome leader
  a gnomish wizard
  a floating eye
  a kitten
  4 dwarves
  2 rothes
  2 orc zombies
  4 iguanas
  a gas spore
  a hobbit
  a hobgoblin
  a brown mold
 18 gnomes
  a gecko
  5 jackals
  2 foxes
  2 kobolds
  3 goblins
  a grid bug
  a lichen
  5 kobold zombies
  3 newts
64 creatures vanquished.

No species were genocided or became extinct.

Game over:
                       ----------
                      /          \
                     /    REST    \
                    /      IN      \
                   /     PEACE      \
                  /                  \
                  |    ArrBianca     |
                  |      209 Au      |
                  |   killed by a    |
                  |   giant beetle   |
                  |                  |
                  |                  |
                  |       2026       |
                 *|     *  *  *      | *
        _________)/\\_//(\/(/\)/\//\/|_)_______

Goodbye ArrBianca the Wizard...

You died in The Gnomish Mines on dungeon level 6 with 2069 points,
and 209 pieces of gold, after 2443 moves.
You were level 6 with a maximum of 38 hit points when you died.

